 Dungeon Crawl Stone Soup version 0.27-a0-1557-g57f10a385c (webtiles) character file.

Game seed: 5526454652356636110

2176 Spectrina the Sneak (level 9, -2/97 HPs)
             Began as a Djinni Necromancer on July 15, 2021.
             Was an Elder of Trog.
             Slain by an acid dragon (4 damage)
             ... on level 7 of the Dungeon.
             The game lasted 00:44:11 (4292 turns).

Spectrina the Sneak (Djinni Necromancer)            Turns: 4292, Time: 00:44:11

Health: -2/97      AC:  6    Str: 16    XL:     9   Next: 58%
Gold:   415        EV: 12    Int: 18    God:    Trog [****..] SH:  0 Dex: 13

rFire    + + .     SeeInvis .   V - +3 battleaxe
rCold    x . .     Faith    .   (shield currently unavailable)
rNeg     . . .     Spirit   .   f - +0 robe
rPois    ∞         Reflect  .   (no helmet)
rElec    .         Harm     +   R - scarf {harm}
rCorr    .         Rampage  .   (no gloves)
Will     .....                  (boots unavailable)
Stlth    ..........             (no amulet)
HPRegen  0.26/turn              h - +6 ring of strength
MPRegen  0.00/turn              j - +4 ring of protection

@: berserking, flying, very quick
A: sickness immunity, fire resistance 2, cold vulnerability 1, float, innate
caster, hp casting, extra vitality 1
a: Renounce Religion, Berserk, Trog's Hand, Brothers in Arms


You were on level 7 of the Dungeon.
You worshipped Trog.
Trog was greatly pleased with you.
You visited 1 branch of the dungeon, and saw 8 of its levels.

You collected 415 gold pieces.

Inventory:

Hand Weapons
 a - a +2 short sword of draining
 b - a +0 vampiric dagger
 s - a +0 shortbow
 F - a +0 hunting sling
 N - a +1 dagger of venom
 O - a +2 short sword of venom
 S - a +5 war axe
 T - a +3 spear of freezing
 U - a +1 great sword
 V - a +3 battleaxe (weapon)
 X - the +11 short sword of the Pit {antimagic, Drain rElec Str+10 Dex-4}
   (You found it on level 6 of the Dungeon)

   It reduces the magical energy of the wielder, and disrupts the spells and
   magical abilities of those it strikes.
   Natural abilities and divine invocations are not affected.
   Str:       It affects your strength (+10).
   Dex:       It affects your dexterity (-4).
   rElec:     It insulates you from electricity.
   Drain:     It drains your maximum health when unequipped.
Missiles
 c - 5 javelins
 d - 44 bolts
 e - 51 arrows
 g - 23 sling bullets
 n - 182 stones
 u - 3 atropa-tipped darts
 I - 13 poisoned darts (quivered)
Armour
 f - a +0 robe (worn)
 r - a +0 chain mail
 D - a +0 buckler
 R - a scarf of harm (worn)
Jewellery
 h - a +6 ring of strength (left hand)
 j - a +4 ring of protection (right hand)
 E - a ring of protection from cold
Wands
 x - a wand of polymorph (6)
 y - a wand of digging (5)
 B - a wand of mindburst (13)
 Q - a wand of flame (34)
Scrolls
 i - a scroll of fear {unknown}
 l - 2 scrolls of immolation
 m - 5 scrolls of identify {unknown}
 o - 4 scrolls of teleportation {unknown}
 p - a scroll of vulnerability {unknown}
 q - a scroll of brand weapon {unknown}
 t - a scroll of noise {unknown}
 v - 4 scrolls of blinking {unknown}
 z - a scroll of holy word {unknown}
 J - a scroll of enchant armour {unknown}
 K - 2 scrolls of magic mapping {unknown}
 P - a scroll of enchant weapon
 W - 2 scrolls of silence {unknown}
Potions
 k - 2 potions of heal wounds {unknown}
 w - 3 potions of ambrosia {unknown}
 A - 3 potions of brilliance {unknown}
 C - a potion of lignification {unknown}
 H - a potion of degeneration {unknown}
 L - a potion of flight {unknown}
 M - 2 potions of mutation {unknown}
Miscellaneous
 G - a phantom mirror


   Skills:
 - Level 5.0 Fighting
 + Level 0.7 Short Blades
 + Level 5.6 Throwing
 - Level 2.1 Dodging
 + Level 7.7 Stealth
 - Level 3.3 Spellcasting


You couldn't memorise any spells.
You knew the following spells:

 Your Spells              Type           Power      Damage    Failure   Level
a - Pain                  Necr           56%        1d6       4%          1
b - Animate Skeleton      Necr           28%        N/A       4%          1
c - Vampiric Draining     Necr           7%         2d7       12%         3
d - Animate Dead          Necr           7%         N/A       38%         4
e - Agony                 Necr           14%        N/A       75%         5
f - Beastly Appendage     Tmut           28%        N/A       4%          1
g - Blink                 Tloc           N/A        N/A       6%          2
h - Gell's Gravitas       Tloc           7%         N/A       12%         3
i - Animate Armour        Summ/Erth      28%        N/A       38%         4
Your spell library was empty.

Dungeon Overview and Level Annotations

Branches:
Dungeon (8/15)
 Temple: D:4-7         Lair: D:8-11

Altars:
Ashenzari
Cheibriados
Elyvilon
Gozag
Trog

Shops:
D:1 !   D:2 [   D:6 [

Annotations:
D:5 Edmund
D:8 Psyche


Innate Abilities, Weirdness & Mutations

You are immune to sickness and miasma.
You are immune to poison.
Your flesh is very heat resistant. (rF++)
You are vulnerable to cold. (rC-)
You float through the air rather than walking.
You learn spells naturally, not from books.
Your magical power is your life essence.
You have superior vitality. (+4 HP)


Message History

Unknown command.
Unknown command.
You barely miss the wight. The wight closely misses you.
The wight barely misses you.
Unknown command.
The wight hits you from afar with a +0 spear.
Unknown command.
The wight hits you with a +0 spear.
The wight hits you with a +5 morningstar of freezing!
The wight freezes you. The wight closely misses you.
You see here a wand of acid (14).
Unknown command.
A red film seems to cover your vision as you go berserk!
You feel yourself moving faster!
You feel mighty! The wight hits you with a +0 spear.
The wight hits you with a +5 morningstar of freezing.
The wight freezes you. The wight misses you.
You closely miss the wight. You barely miss the wight.
The wight hits you with a +0 spear.
The wight hits you with a +5 morningstar of freezing!
The wight freezes you. The wight closely misses you.
Unknown command.
You slice the wight!!
You destroy the wight!
Trog accepts your kill.
You hit the wight.
The wight hits you with a +5 morningstar of freezing!!
* * * LOW HITPOINT WARNING * * *
The wight freezes you.
* * * LOW HITPOINT WARNING * * *
The wight barely misses you.
You slash the acid dragon!
The acid dragon is severely wounded.
You barely miss the wight.
The wight hits you with a +5 morningstar of freezing!
* * * LOW HITPOINT WARNING * * *
The wight freezes you.
* * * LOW HITPOINT WARNING * * *
The wight completely misses you. The acid dragon bites you.
You die...

......# #.).#
#.†######.....
...........####
#..######..# ##
##.# #..# .. #.#
#) .# #.# #. z#
#.#
#.#######z###.#
#.#
#.......@.....#
#.#
##.######D###...
#.# #.# ... #.#
#.# .###
#.#######.# .#
#.........# >#
########### .#
.#


You could see an acid dragon and 2 wights.

Vanquished Creatures
  A steam dragon (D:8)
  A swamp worm (D:7)
  2 black bears
  An ice beast (D:5)
  A hornet zombie (D:8)
  2 necrophages
  2 centaurs
  A phantom (D:4)
  A lemure (D:5)
  Blork the orc (D:4)
  A bullfrog (D:7)
  5 wights
  2 bullfrog zombies (D:5)
  An orc priest (D:8)
  2 hounds
  2 jellies (D:5)
  A centaur skeleton (D:7)
  A gnoll shaman (D:4)
  2 iguanas
  A scorpion zombie (D:5)
  7 orc wizards
  2 hound skeletons
  6 gnolls (D:4)
  5 adders
  A white imp (D:5)
  An ufetubus (D:5)
  2 worms (D:2)
  4 dart slugs
  15 orcs
  5 ball pythons
  2 bats
  7 endoplasms
  2 giant cockroaches (D:4)
  4 hobgoblins
  4 jackals (D:3)
  6 kobolds
  3 quokkas
  4 frilled lizards
  3 goblins
  A rat (D:2)
115 creatures vanquished.

Vanquished Creatures (others)
  A wight (D:8)
  A fungus (D:1)
  2 plants (D:7)
4 creatures vanquished.

Grand Total: 119 creatures vanquished

Notes
Turn   | Place    | Note
-------+----------+-------------------------------------------
     0 | D:1      | Spectrina the Djinni Necromancer began the quest for the
                  | Orb.
     0 | D:1      | Reached XP level 1. HP: 15/15 MP: 0/0
   113 | D:1      | Found a faded altar of an unknown god.
   117 | D:1      | Became a worshipper of Trog the Wrathful
   117 | D:1      | Reached * piety under Trog
   178 | D:1      | Found Tuyvon's Distillery.
   303 | D:2      | Reached skill level 2 in Stealth
   303 | D:2      | Reached XP level 2. HP: 22/22 MP: 0/0
   352 | D:2      | Found Pucoihaff's Antique Armour Boutique.
   361 | D:2      | Reached skill level 1 in Fighting
   458 | D:2      | Reached XP level 3. HP: 27/27 MP: 0/0
   458 | D:2      | Learned a level 1 spell: Beastly Appendage
   560 | D:2      | Reached skill level 3 in Stealth
   745 | D:4      | Reached XP level 4. HP: 24/32 MP: 0/0
   803 | D:4      | Noticed a centaur
   826 | D:4      | Killed a centaur
   827 | D:4      | Reached skill level 4 in Stealth
   827 | D:4      | Reached XP level 5. HP: 38/38 MP: 0/0
   827 | D:4      | Learned a level 2 spell: Blink
   950 | D:5      | Entered Level 5 of the Dungeon
  1031 | D:5      | Noticed Edmund
  1114 | D:5      | Noticed a black bear
  1124 | D:5      | Reached ** piety under Trog
  1129 | D:5      | Killed a black bear
  1130 | D:5      | Reached skill level 1 in Throwing
  1130 | D:5      | Reached XP level 6. HP: 34/45 MP: 0/0
  1164 | D:5      | Noticed Grinder
  1173 | D:5      | Noticed Grinder
  1173 | D:5      | Grinder changed into Grinder the lemure
  1178 | D:5      | Killed Grinder the lemure
  1221 | D:5      | Reached XP level 7. HP: 50/50 MP: 0/0
  1221 | D:5      | Learned a level 3 spell: Gell's Gravitas
  1306 | D:5      | Reached skill level 5 in Stealth
  1397 | D:5      | HP: 1/75 [bullfrog zombie (5)]
  1588 | D:5      | Reached XP level 8. HP: 21/58 MP: 0/0
  1721 | D:4      | Noticed Blork the orc
  1728 | D:4      | Killed Blork the orc
  2205 | D:4      | Found an opulent altar of Gozag.
  2325 | D:4      | Reached *** piety under Trog
  2407 | D:4      | Reached skill level 5 in Fighting
  2407 | D:4      | Reached skill level 6 in Stealth
  2452 | D:4      | Upgraded the game from 0.27-a0-1555-g0e7b3fb1d2 to
                  | 0.27-a0-1557-g57f10a385c
  3208 | D:7      | Reached XP level 9. HP: 13/65 MP: 0/0
  3208 | D:7      | Learned a level 4 spell: Animate Armour
  3216 | D:7      | HP: 3/65 [something (2)]
  3218 | D:7      | HP: 1/65 [something (2)]
  3290 | D:7      | Found a broken altar of Ashenzari.
  3290 | D:7      | Found a white marble altar of Elyvilon.
  3411 | D:8      | Found a snail-covered altar of Cheibriados.
  3499 | D:8      | Reached skill level 7 in Stealth
  3634 | D:8      | Reached skill level 5 in Throwing
  3729 | D:8      | Noticed Psyche
  3961 | D:6      | Reached **** piety under Trog
  4012 | D:6      | Identified the +11 short sword of the Pit {antimagic, Drain
                  | rElec Str+10 Dex-4}
  4096 | D:6      | Found Xisuh's Armour Shoppe.
  4292 | D:7      | HP: 3/97 [wight (8)]
  4292 | D:7      | Slain by an acid dragon

Illustrated notes

Levels and vault maps discovered:
D:1:      lemuel_arrival_river_ford, layout_rooms, serial_shops, shop,
          shapermc_ecumenical_altar_mp_urbaneastern
D:2:      layout_loops_ring, serial_shops, nicolae_shop_trees, serial_forest,
          infiniplex_forest_corner_1, infiniplex_forest_straight_2,
          infiniplex_forest_straight_3, infiniplex_forest_lined_3_way,
          infiniplex_forest_end_1, infiniplex_forest_end_1, minivault_24,
          chequers_arboretum, minmay_heptomino_o4
D:3:      layout_basic
D:4:      minmay_octagon_keep, layout_basic,
          nicolae_gozag_cash_rules_everything_around_me, minmay_distorted,
          uniq_blork_the_orc
D:5:      layout_loops_ring, kennysheep_generic_room_14, uniq_grinder,
          uniq_edmund
D:6:      layout_loops_ring, serial_shops, nicolae_shop_window_shopping,
          grunt_ministairs_9, grunt_decor_junction
D:7:      layout_loops_ring, gammafunk_temple_overflow_pools,
          minmay_temple_entry_grid, worms_lemuel, uniq_pikel
D:8:      layout_gridville, nicolae_two_hexagons, hangedman_feature_mirror,
          bh_walls_and_bars, uniq_psyche, uniq_erica

Skill      XL: |  1  2  3  4  5  6  7  8  9 |
---------------+----------------------------+-----
Stealth        | 2 3 4 5 6 7 |  7.7
Fighting       | 1 2 3 4 5 |  5.0
Throwing       | 1 2 4 5 |  5.6
Short Blades   | |  0.7
Dodging        | |  2.1
Spellcasting   | |  3.3

Action                   |  1- 3 |  4- 6 |  7- 9 || total
-------------------------+-------+-------+-------++-------
Melee: Short sword       |    58 |    52 |   260 ||   370
       Unarmed           |     7 |       |       ||     7
       Dagger            |       |       |    73 ||    73
       Battleaxe         |       |       |    15 ||    15
       War axe           |       |       |    14 ||    14
 Fire: Hunting sling     |       |       |    15 ||    15
 Cast: Pain              |     3 |       |       ||     3
Invok: Berserk           |     5 |     5 |    20 ||    30
Evoke: Wand              |       |     3 |       ||     3
  Use: Scroll            |       |       |     3 ||     3
 Stab: Sleeping          |     8 |     3 |    16 ||    27
       Distracted        |       |       |     1 ||     1
Armor: Robe              |    16 |    14 |   133 ||   163
Dodge: Dodged            |    33 |    40 |   181 ||   254

Table legend: (Time is in decaauts)
 A = Elapsed time spent in this place.
 B = Non-inter-level travel time spent in this place.
 C = Inter-level travel time spent in this place.
 D = Time resting spent in this place.
 E = Time spent auto-exploring this place.
 F = Levels seen in this place.
 G = Mean time per level.
                   A        B        C        D        E       F      G
               +--------+--------+--------+--------+--------+-----+--------+
         Total |   4617 |   4307 |    310 |      0 |      0 |   8 |  577.1 |
       Dungeon |   4617 |   4307 |    310 |      0 |      0 |   8 |  577.1 |
               +--------+--------+--------+--------+--------+-----+--------+

Top non-repeatable levels by time:
     D:5: 921 daAuts
     D:4: 905 daAuts
     D:2: 562 daAuts
     D:7: 559 daAuts
     D:8: 505 daAuts
     D:3: 471 daAuts
     D:6: 423 daAuts
     D:1: 268 daAuts
